 Dungeon Crawl Stone Soup version 0.18.1-8-gdd0e5ea (webtiles) character file.

46 GordonOverkill the Conjurer (level 3, -2/26 HPs)
             Began as a Draconian Fire Elementalist on May 22, 2016.
             Slain by Terence
             ... wielding a +1 short sword of flaming
              (5 damage)
             ... on level 2 of the Dungeon.
             The game lasted 00:06:03 (1917 turns).

GordonOverkill the Conjurer (DrFE)                  Turns: 1917, Time: 00:06:03

Health: -2/26      AC:  5    Str: 10    XL:     3   Next: 44%
Magic:  0/6        EV: 12    Int: 16    God:
Gold:   21         SH:  0    Dex: 11    Spells: 2 memorised, 2 levels left

rFire  . . .     SeeInvis .     e - +0 whip
rCold  . . .     Gourm    .     (armour unavailable)
rNeg   . . .     Faith    .     (no shield)
rPois  .         Spirit   .     (helmet restricted)
rElec  .         Dismiss  .     (no cloak)
rCorr  .         Reflect  .     (no gloves)
SustAt .         Harm     .     (no boots)
MR     .....                    (no amulet)
Stlth  ++........               (no ring)
                                (no ring)

@: very slightly contaminated, not resistant to hostile enchantments, unstealthy
A: unfitting armour, cold-blooded, AC +5
a: no special abilities


You were on level 2 of the Dungeon.
You were hungry.

You visited 1 branch of the dungeon, and saw 2 of its levels.

You collected 21 gold pieces.

Inventory:

Hand Weapons
 e - a +0 whip (weapon)
Scrolls
 d - a scroll of teleportation {unknown}
 f - a scroll of noise {unknown}
 g - a scroll of amnesia {unknown}
 k - a scroll of enchant weapon {unknown}
Potions
 h - a potion of lignification {unknown}
 i - a potion of curing {unknown}
Books
 a - a book of Flames

   Spells                             Type                      Level
   a - Flame Tongue                   Conjuration/Fire             1
   b - Throw Flame                    Conjuration/Fire             2
   c - Conjure Flame                  Conjuration/Fire             3
   d - Inner Flame                    Hexes/Fire                   3
   e - Sticky Flame                   Conjuration/Fire             4
   f - Fireball                       Conjuration/Fire             5
Comestibles
 b - 2 bread rations
 c - a chunk of flesh
 j - a beef jerky


   Skills:
 - Level 1.7 Dodging
 - Level 1.7 Stealth
 - Level 2.0 Spellcasting
 + Level 3.4 Conjurations
 - Level 3.0 Fire Magic


You had 2 spell levels left.
You knew the following spells:

 Your Spells              Type           Power        Failure   Level  Hunger
a - Flame Tongue          Conj/Fire      ##...        8%          1    #......
b - Conjure Flame         Conj/Fire      ##......     17%         3    ###....


Dungeon Overview and Level Annotations

Branches:
Dungeon (2/15)

Altars:
Makhleb

Annotations:
D:2 Terence


Innate Abilities, Weirdness & Mutations

Your plain brown scales are hard (AC +5).
Your body does not fit into most forms of armour.
You are cold-blooded and may be slowed by cold attacks.


Message History

Confirm with . or Enter, or press ? or * to list all spells.
Aiming: Flame Tongue
Press: ? - help, Shift-Dir - straight line, f/p - Terence
Aim: Terence, wielding a short sword of flaming and wearing a chain mail (almost dead, unusually agile)
You miscast Flame Tongue.
You are very lightly contaminated with residual magic.
Nothing appears to happen.
Terence hits you with a short sword of flaming.
Terence burns you.
You closely miss Terence.
Terence is almost dead.
Terence hits you with a short sword of flaming!
* * * LOW HITPOINT WARNING * * *
Terence burns you.
* * * LOW HITPOINT WARNING * * *
You hit Terence but do no damage.
You tail-slap Terence, but do no damage.
Terence is almost dead.
Terence hits you with a short sword of flaming.
You die...

.#.##.# ####.#.#
.#.##.# #.#.#
.#.##.# #.#.#
.#.##.# #.#.#
...##.# #.#.#
#..##.# #.#.#
#..##.# #.#.#
##.##.# #.#.#
##..#.# #.#@#
##..#.#### #.#@#
##.......# #.#.#
...#..##<# #.#.#
####..########.#.#
.....>.........#.#
.....#.#########.#
######.## #.#
≈≈......#


You could see Terence.

Vanquished Creatures
  A dart slug (D:2)
  A giant gecko (D:2)
  A giant cockroach (D:1)
  4 goblins
  6 hobgoblins
  8 jackals
  A quokka (D:2)
  4 bats
  3 giant newts
  5 kobolds
  4 rats
38 creatures vanquished.

Notes
Turn   | Place    | Note
--------------------------------------------------------------
     0 | D:1      | GordonOverkill the Draconian Fire Elementalist began the quest for the Orb.
     0 | D:1      | Reached XP level 1. HP: 14/14 MP: 3/3
   366 | D:1      | Reached XP level 2. HP: 15/20 MP: 1/5
  1111 | D:1      | Reached XP level 3. HP: 23/26 MP: 3/6
  1155 | D:1      | Learned a level 3 spell: Conjure Flame
  1797 | D:2      | Found a burning altar of Makhleb.
  1901 | D:2      | Noticed Terence
  1917 | D:2      | Slain by Terence

Skill      XL: |  1  2 |
---------------+-------+-----
Conjurations   | 2 3 |  3.4
Dodging        | |  1.7
Stealth        | |  1.7
Spellcasting   | |  2.0
Fire Magic     | |  3.0

Action                   || total
-------------------------++-------
Melee: Unarmed           ||    34
       Tailslap          ||     7
       Whip              ||    19
 Cast: Flame Tongue      ||    77
 Stab: Sleeping          ||     1
  Eat: Chunk             ||     4
Armor: Skin              ||    38
Dodge: Dodged            ||    55
